 Dungeon Sprint DCSS version 0.29-a0-997-gf6f7e2dfe7 (webtiles) character file.

Game seed: 5577348656088999347

399 Hubris850 the Frost Mage (level 6, -11/42 HPs)
             Began as a Demonspawn Ice Elementalist on Aug 4, 2022.
             Was a Follower of Okawaru.
             Mangled by a swamp dragon (16 damage)
             ... in the Dungeon (Sprint VII: "The Pits").
             The game lasted 00:04:14 (1038 turns).

Hubris850 the Frost Mage (DsIE)                     Turns: 1038, Time: 00:04:14

Health: -11/42     AC:  9    Str:  8    XL:     6   Next: 54%
Magic:  10/16      EV: 11    Int: 17    God:    Okawaru [*.....]
Gold:   0          SH:  0    Dex: 15    Spells: 13/20 levels left

rFire   . . .      SeeInvis .   m - +2 long sword (flame)
rCold   . . .      Faith    .   (no shield)
rNeg    . . .      Spirit   .   l - +0 leather armour
rPois   .          Reflect  .   (no helmet)
rElec   .          Harm     .   (no cloak)
rCorr   .          Rampage  .   (no gloves)
Will    .....      NoTele   +   (no boots)
Stlth   ++........              (no amulet)
HPRegen 0.14/turn               (no ring)
MPRegen 0.15/turn               (no ring)

@: lethally poisoned (-11 -> -18), ice-armoured, freezing walls
A: rugged brown scales 1, foul stench 1
a: Renounce Religion, Heroism


You were in the Dungeon.
You worshipped Okawaru.
Okawaru was aware of your devotion.
You visited 1 branch

Inventory:

Hand Weapons
 h - a +2 falchion
 m - a +2 long sword of flaming (weapon)
Missiles
 o - 5 poisoned darts
Armour
 a - a +0 robe
 l - a +0 leather armour (worn)
 n - a +3 chain mail
Scrolls
 g - a scroll of blinking
 j - 5 scrolls of amnesia
 k - a scroll of summoning
Potions
 b - 5 potions of magic
 c - 5 potions of curing
 d - 5 potions of heal wounds
 e - a potion of haste
 f - 3 potions of berserk rage
 i - 2 potions of invisibility


   Skills:
 + Level 7.3 Long Blades
 - Level 1.7 Dodging
 - Level 1.7 Stealth
 - Level 7.6 Spellcasting
 + Level 8.4 Ice Magic
 + Level 2.0 Invocations


You had 13 spell levels left.
You knew the following spells:

 Your Spells              Type           Power      Damage    Failure   Level
a - Freeze                Ice            100%       1d11      1%          1
b - Frozen Ramparts       Ice            70%        1d15      1%          3
c - Ozocubu's Armour      Ice            35%        N/A       1%          3

Your spell library contained the following spells:

 Spells                   Type           Power      Damage    Failure   Level
 Hailstorm                Conj/Ice       20%        3d6       28%         4


Dungeon Overview and Level Annotations

Branches:
Dungeon (1/1)

Altars:
Ashenzari
Cheibriados
Dithmenos
Fedhas
Gozag
Hepliaklqana
Kikubaaqudgha
Makhleb
Nemelex Xobeh
Okawaru
Qazlal
Ru
Sif Muna
Trog
Uskayaw
Vehumet
Wu Jian
Xom
Yredelemnul
Jiyva
Lugonu


Innate Abilities, Weirdness & Mutations

You are partially covered in rugged brown scales. (AC +1, +3% HP)
You may rarely emit foul miasma when damaged in melee.


Message History

Unknown command.
Your icy armour cracks and falls away as you move.
The frozen ramparts melt away as you move.
There is an open door here.
You start resting.
HP restored.
You start resting.
Magic restored.
Casting: Frozen Ramparts (safe; 1% risk of failure)
Confirm with . or Enter, or press ? or * to list all spells.
Casting: Frozen Ramparts (safe; 1% risk of failure)
Press: ? - help, Dir - look around, f - activate An open door.
The walls around you are covered in ice.
Casting: Frozen Ramparts (safe; 1% risk of failure)
Confirm with . or Enter, or press ? or * to list all spells.
A film of ice covers your body!
You open the door.
A swamp dragon comes into view.
The wall freezes the swamp dragon!
You hit the swamp dragon but do no damage.
The swamp dragon is lightly wounded.
The wall freezes the swamp dragon.
The swamp dragon breathes poison at you.
The blast of poison engulfs you!
You are poisoned.
You hit the swamp dragon but do no damage.
The swamp dragon is lightly wounded.
You are engulfed in poison gas.
You are more poisoned.
You feel very sick.
The wall freezes the swamp dragon.
The swamp dragon bites you!
* * * LOW HITPOINT WARNING * * *
The swamp dragon closely misses you.
The swamp dragon tramples you but does no damage.
You feel better.
You are engulfed in poison gas.
You are poisoned.
* * * LOW HITPOINT WARNING * * *
x2 You feel very sick.
The wall freezes the swamp dragon.
The swamp dragon bites you!
You die...

#)#........##.......#
#'###########.......#
#.......# #########
#..###..# #.......#
##.###.##+#
#.....○°#.+
#..###°○#D#
#.....○°@°#
###########


You could see a swamp dragon.

Vanquished Creatures
  An orc warrior (D)
  An ogre (D)
  A bullfrog (D)
  A kobold brigand (D)
  A jelly (D)
  A quasit (D)
  An adder (D)
  5 orcs (D)
  2 endoplasms (D)
  A giant cockroach (D)
  2 quokkas (D)
  2 kobolds (D)
19 creatures vanquished.

Notes
Turn   | Place    | Note
-------+----------+-------------------------------------------
     0 | D        | Hubris850 the Demonspawn Ice Elementalist began the quest
                  | for the Orb.
     0 | D        | Reached XP level 1. HP: 13/13 MP: 3/3
    40 | D        | Found a basalt altar of Yredelemnul.
    40 | D        | Found a shimmering altar of Xom.
    40 | D        | Found an ornate altar of the Wu Jian Council.
    40 | D        | Found a bloodstained altar of Trog.
    40 | D        | Found a shimmering blue altar of Sif Muna.
    40 | D        | Found a sacrificial altar of Ru.
    40 | D        | Found a stormy altar of Qazlal.
    40 | D        | Found an iron altar of Okawaru.
    40 | D        | Found a sparkling altar of Nemelex Xobeh.
    40 | D        | Found a burning altar of Makhleb.
    40 | D        | Found a viscous altar of Jiyva.
    40 | D        | Found a hazy altar of Hepliaklqana.
    40 | D        | Found an opulent altar of Gozag.
    40 | D        | Found a blossoming altar of Fedhas.
    40 | D        | Found a shadowy altar of Dithmenos.
    40 | D        | Found a snail-covered altar of Cheibriados.
    41 | D        | Found a radiant altar of Vehumet.
    41 | D        | Found a corrupted altar of Lugonu.
    42 | D        | Found a hide-covered altar of Uskayaw.
    42 | D        | Found an ancient bone altar of Kikubaaqudgha.
    42 | D        | Found a broken altar of Ashenzari.
    58 | D        | Became a worshipper of Warmaster Okawaru
    83 | D        | Reached skill level 4 in Ice Magic
    87 | D        | Reached skill level 1 in Long Blades
   192 | D        | Gained mutation: You may rarely emit foul miasma when
                  | damaged in melee. [demonic ancestry]
   192 | D        | Reached XP level 2. HP: 18/19 MP: 6/6
   308 | D        | Noticed a bullfrog
   316 | D        | Killed a bullfrog
   317 | D        | Reached skill level 5 in Ice Magic
   317 | D        | Gained mutation: You are partially covered in rugged brown
                  | scales. (AC +1, +3% HP) [demonic ancestry]
   317 | D        | Reached XP level 3. HP: 5/24 MP: 1/9
   317 | D        | Reached XP level 4. HP: 6/30 MP: 1/10
   556 | D        | Learned a level 3 spell: Frozen Ramparts
   560 | D        | Learned a level 3 spell: Ozocubu's Armour
   725 | D        | Noticed an orc warrior
   725 | D        | Noticed a kobold brigand
   735 | D        | Killed an orc warrior
   736 | D        | Reached skill level 5 in Long Blades
   736 | D        | Reached skill level 6 in Ice Magic
   736 | D        | Reached XP level 5. HP: 36/36 MP: 4/13
   738 | D        | Reached * piety under Okawaru
   739 | D        | Reached skill level 7 in Ice Magic
   741 | D        | Reached XP level 6. HP: 37/42 MP: 2/15
   769 | D        | Reached skill level 8 in Ice Magic
  1035 | D        | Noticed a swamp dragon
  1038 | D        | Mangled by a swamp dragon

Illustrated notes

Levels and vault maps discovered:
D:        pitsprint [storerooms_1, entrance_room_1, metal_vault_5, armoury_1,
          mini_pit_1, grid_room_1, main_hall_1, silver_pit, the_coven_3,
          the_vestibule_1, steel_vault_4, golden_pit, hallway_of_sentries,
          crystal_vault_3, iron_vault_2, final_vault]

Skill      XL: |  1  2  3  4  5  6 |
---------------+-------------------+-----
Ice Magic      | 4 5 6 7 8 |  8.4
Long Blades    | 1 3 5 6 7 |  7.3
Spellcasting   | 3 4 6 7 |  7.6
Invocations    | 2 |  2.0
Dodging        | |  1.7
Stealth        | |  1.7

Action                   |  1- 3 |  4- 6 || total
-------------------------+-------+-------++-------
Melee: Falchion          |    14 |       ||    14
       Unarmed           |     3 |       ||     3
       Long sword        |       |     6 ||     6
 Cast: Freeze            |     8 |     2 ||    10
       Frozen Ramparts   |       |     5 ||     5
       Ozocubu's Armour  |       |     3 ||     3
  Use: Potion            |       |     2 ||     2
Armor: Leather armour    |     4 |     1 ||     5
Dodge: Dodged            |    11 |     3 ||    14

Table legend: (Time is in decaauts)
 A = Elapsed time spent in this place.
 B = Non-inter-level travel time spent in this place.
 C = Inter-level travel time spent in this place.
 D = Time resting spent in this place.
 E = Time spent auto-exploring this place.
 F = Levels seen in this place.
 G = Mean time per level.
                   A        B        C        D        E       F      G
               +--------+--------+--------+--------+--------+-----+--------+
         Total |   1041 |   1041 |      0 |    761 |      0 |   1 | 1041.0 |
       Dungeon |   1041 |   1041 |      0 |    761 |      0 |   1 | 1041.0 |
               +--------+--------+--------+--------+--------+-----+--------+

Top non-repeatable levels by time:
       D: 1041 daAuts
